 Dungeon Crawl Stone Soup version 0.29.1-1-gd02db69 (webtiles) character file.

Game seed: 6108060596454912613

28 Timinator the Insei (level 2, 0/23 HPs)
             Began as a Demigod Transmuter on Jan 14, 2023.
             Succumbed to an adder's poison
             ... on level 1 of the Dungeon.
             The game lasted 00:02:39 (890 turns).

Timinator the Insei (Demigod Transmuter)             Turns: 890, Time: 00:02:39

Health: 0/23       AC:  2    Str: 11    XL:     2   Next: 75%
Magic:  7/7        EV: 12    Int: 15    God:
Gold:   71         SH:  0    Dex: 14    Spells: 1/4 levels left

rFire   . . .      SeeInvis .     - Unarmed
rCold   . . .      Faith    .   (no shield)
rNeg    . . .      Spirit   .   a - +0 robe
rPois   .          Reflect  .   (helmet currently unavailable)
rElec   .          Harm     .   (no cloak)
rCorr   .          Rampage  .   (no gloves)
Will    .....                   (boots currently unavailable)
Stlth   +.........              (no amulet)
HPRegen 0.07/turn               (no ring)
MPRegen 0.10/turn               (no ring)

@: lethally poisoned (0 -> -4), appendages (expiring)
A: horns 2, talons 2, high MP 1, forlorn, divine attributes
a: End Transformation


You were on level 1 of the Dungeon.
You had temporarily grown beastly horns and talons.
You visited 1 branch of the dungeon, and saw 2 of its levels.

You collected 71 gold pieces.

Inventory:

Armour
 a - a +0 robe (worn)
Scrolls
 e - a scroll of fear {unknown}
 f - a scroll of enchant armour {unknown}
 g - a scroll of blinking {unknown}
 h - a scroll of poison {unknown}
Potions
 b - a potion of lignification
 c - a potion of curing {unknown}
 d - a potion of mutation {unknown}


   Skills:
 + Level 1.1 Fighting
 + Level 0.5 Armour
 + Level 2.0 Dodging
 * Level 3.1 Unarmed Combat
 + Level 1.9 Spellcasting
 + Level 2.0 Transmutations


You had one spell level left.
You knew the following spells:

 Your Spells              Type           Power      Damage    Failure   Level
a - Beastly Appendage     Tmut           14%        N/A       10%         1
b - Wereblood             Tmut           7%         N/A       14%         2

Your spell library contained the following spells:

 Spells                   Type           Power      Damage    Failure   Level
 Spider Form              Tmut/Pois      4%         N/A       41%         3
 Ice Form                 Ice/Tmut       4%         N/A       82%         4


Dungeon Overview and Level Annotations

Branches:
Dungeon (2/15)


Innate Abilities, Weirdness & Mutations

You have temporarily grown beastly horns and talons.
You have an increased reservoir of magic. (+10% MP)
You shall have no god before yourself.
Your divine heritage dramatically boosts your attributes as you level up.


Message History

There is a stone staircase leading up here.
An adder is nearby!
Found 16 gold pieces.
Casting: Beastly Appendage (safe; 10% risk of failure)
Confirm with . or Enter, or press ? or * to list all spells.
You grow a pair of large bovine horns.
Your feet morph into talons.
Found a rapier.
A bat and a worm come into view.
The adder hisses angrily.
The adder bites you.
You are poisoned.
The adder poisons you!
You hit the adder but do no damage. Your punch misses the adder.
You feel sick. The adder bites you.
You are more poisoned.
The adder poisons you!
You barely miss the adder. You claw the adder. Your headbutt misses the adder.
The adder is moderately wounded.
You feel sick. The adder misses you. The adder completely misses you.
The adder attacks as you move away! The adder bites you.
You are lethally poisoned!
The adder poisons you!
Your transformation is almost over.
You feel very sick.
* * * LOW HITPOINT WARNING * * *
You feel sick. The adder attacks as you move away! The adder barely misses you.
The bat attacks as you move away! The bat misses you.
* * * LOW HITPOINT WARNING * * *
You feel sick. The bat barely misses you.
The adder bites you but does no damage.
* * * LOW HITPOINT WARNING * * *
You feel sick. The bat hits you but does no damage.
There is a stone staircase leading up here.
Magic restored.
* * * LOW HITPOINT WARNING * * *
You feel sick. The bat hits you but does no damage.
The adder barely misses you. The bat hits you but does no damage.
You climb upwards.
You die...

###...÷#..........##.####.####
#..#.÷................#....##
##.........#..####...#####..###
####÷...........####..#######....
#...........#...##.....#.....####
..............................##
............####...............#
..##.........###...............##
..##...........#@...............)
.......^.........S.............##
..##.....#######.................
####....|## ##.................
#......#####........)......#..
#####.....##.##.....#.....####
#.###.#.......######### #.
#...#....##...........###.
###.#....#....#######..##.


You could see an adder.

Vanquished Creatures
  A dart slug (D:1)
  A bat (D:1)
  2 endoplasms (D:1)
  A giant cockroach (D:1)
  2 goblins (D:1)
  3 hobgoblins (D:1)
  3 jackals (D:1)
  A quokka (D:1)
  2 ball pythons (D:1)
  3 frilled lizards (D:1)
  A kobold (D:1)
  3 rats (D:1)
23 creatures vanquished.

Notes
Turn   | Place    | Note
-------+----------+-------------------------------------------
     0 | D:1      | Timinator the Demigod Transmuter began the quest for the
                  | Orb.
     0 | D:1      | Reached XP level 1. HP: 15/15 MP: 5/5
    69 | D:1      | Reached skill level 1 in Fighting
    91 | D:1      | Reached XP level 2. HP: 20/23 MP: 4/7
   145 | D:1      | Reached skill level 3 in Unarmed Combat
   722 | D:1      | Learned a level 2 spell: Wereblood
   889 | D:2      | HP: 1/23 [poisoned by an adder]
   890 | D:1      | Succumbed to an adder's poison

Illustrated notes

Levels and vault maps discovered:
D:1:      amcnicky_arrival_wind_blow, layout_rooms, shapermc_ecumenical_altar_gd
D:2:      cheibrodos_helix_gallery, layout_basic, basic_altar,
          cheibrodos_gnoll_hut

Skill      XL: |  1  2 |
---------------+-------+-----
Fighting       | 1 |  1.1
Unarmed Combat | 3 |  3.1
Transmutations | 2 |  2.0
Dodging        | 2 |  2.0
Armour         | |  0.5
Spellcasting   | |  1.9

Action                   || total
-------------------------++-------
Melee: Unarmed           ||    54
       Kick              ||    10
       Headbutt          ||     5
 Cast: Beastly Appendage ||    16
Armor: Robe              ||    11
Dodge: Dodged            ||    39
